 Dungeon Crawl Stone Soup version 0.30-a0-793-g160f7cfddd (webtiles) character file.

Game seed: 11128934043784416264

60416 browni3141 the Zephyrmancer (level 14, 0/97 HPs)
             Began as an Octopode Fire Elementalist on Feb 19, 2023.
             Was an Initiate of Gozag.
             Shot with an arrow by a centaur warrior (25 damage)
             ... on level 13 of the Dungeon on Feb 20, 2023.
             The game lasted 01:17:29 (28533 turns).

browni3141 the Zephyrmancer (OpFE)                 Turns: 28533, Time: 01:17:29

Health: 0/97       AC:  7    Str: 20    XL:     14   Next: 99%
Magic:  6/30       EV: 15    Int: 28    God:    Gozag
Gold:   1788       SH:  0    Dex: 15    Spells: 6/37 levels left

rFire   + . .      SeeInvis +    j - +0 short sword (drain)
rCold   . . .      Faith    .    K - orb {guile}
rNeg    . . .      Spirit   .    R - +2 hat
rPois   +          Reflect  .    b - amulet of magic regeneration
rElec   .          Harm     .    g - ring of see invisible
rCorr   .          Rampage  .    C - +6 ring of strength
Will    .....                    D - +6 ring of strength
Stlth   ++++++                   I - ring of protection from cold
HPRegen 0.36/turn                J - +4 ring of protection
MPRegen 0.62/turn                S - ring of poison resistance
                                 m - ring of the Moon {Fire Dex+3 SInv}
                                 A - +6 ring of intelligence

@: studying Spellcasting
A: almost no armour, amphibious, 8 rings, camouflage 1, gelatinous body 1,
(nimble swimmer 1), tentacles
a: Renounce Religion, Potion Petition, Call Merchant, Bribe Branch


You were on level 13 of the Dungeon.
You worshipped Gozag.
Gozag was most pleased with you.
You visited 4 branches of the dungeon, and saw 20 of its levels.
You also visited: Gauntlet.

You collected 5275 gold pieces.
You spent 2772 gold pieces at shops.
You paid 715 gold pieces to Gozag.

Inventory:

Hand Weapons
 j - a +0 short sword of draining (weapon)
 U - the +1 glaive of Dithmenos, Feeding {heavy, rN+ MP+9 Int+5}
   (You took it off a minotaur in a Gauntlet)

   Int:       It affects your intelligence (+5).
   rN:        It protects you from negative energy.
   MP:        It affects your magic capacity (+9).
Missiles
 O - a throwing net
 Z - 7 curare-tipped darts
Armour
 K - an orb of guile (worn)
 R - a +2 hat (worn)
Jewellery
 b - an amulet of magic regeneration (around mantle)
 g - a ring of see invisible (left tentacle)
 m - the ring of the Moon (on tentacle) {Fire Dex+3 SInv}
   (You found it in a Gauntlet)

   [ring of fire]

   It enhances your fire magic.
   Dex:       It affects your dexterity (+3).
   rF:        It protects you from fire.
   rC:        It makes you vulnerable to cold.
   SInv:      It lets you see invisible.
 A - a +6 ring of intelligence (on tentacle)
 C - a +6 ring of strength (right tentacle)
 D - a +6 ring of strength (on tentacle)
 G - a ring of ice
 I - a ring of protection from cold (on tentacle)
 J - a +4 ring of protection (on tentacle)
 S - a ring of poison resistance (on tentacle)
Wands
 n - a wand of mindburst (8)
 t - a wand of roots (5)
 z - a wand of paralysis (7)
 Y - a wand of polymorph (8)
Scrolls
 f - a scroll of acquirement
 h - 5 scrolls of teleportation
 i - a scroll of brand weapon
 r - 6 scrolls of fog
 u - 3 scrolls of immolation
 v - 5 scrolls of enchant weapon
 y - 5 scrolls of vulnerability
 B - 2 scrolls of poison
 E - a scroll of blinking
 H - 3 scrolls of fear
 L - 4 scrolls of torment
 M - 2 scrolls of magic mapping
 X - a scroll of summoning
Potions
 a - 2 potions of magic
 c - 3 potions of brilliance
 d - 2 potions of haste
 k - 3 potions of cancellation
 l - 2 potions of berserk rage
 o - a potion of resistance
 p - 4 potions of ambrosia
 q - 7 potions of curing
 s - 2 potions of mutation
 w - 4 potions of heal wounds
 x - 2 potions of attraction {unknown}
 F - a potion of degeneration {unknown}
 N - 5 potions of lignification
 P - 4 potions of flight {unknown}
 W - a potion of might {unknown}
Miscellaneous
 e - a phial of floods
 Q - a box of beasts
 T - a phantom mirror
 V - a piece from Xom's chessboard (15/15)


   Skills:
 - Level 9.0 Fighting
 - Level 3.0 Short Blades
 - Level 2.5 Throwing
 - Level 6.0 Dodging
 - Level 12.0 Stealth
 - Level 12.0 Spellcasting
 - Level 5.0 Conjurations
 - Level 4.0 Hexes
 - Level 4.0 Translocations
 - Level 10.0 Fire Magic
 * Level 13.0 Air Magic
 - Level 10.0 Evocations


You had 6 spell levels left.
You knew the following spells:

 Your Spells              Type           Power      Damage    Failure   Level
b - Scorch                Fire           100%       2d10      1%          2
c - Kindle Blastsparks    Fire/Tloc/Air  100%       2d18      1%          3
d - Inner Flame           Hex/Fire       71%        N/A       1%          3
e - Flame Wave            Conj/Fire      73%        2d16      1%          4
f - Swiftness             Air            74%        N/A       1%          3
g - Vhi's Electric Charg  Tloc/Air       100%       N/A       1%          3
h - Airstrike             Air            37%        2d(6-22)  1%          4
i - Mephitic Cloud        Conj/Pois/Air  50%        N/A       1%          3
j - Arcjolt               Conj/Air       30%        1d40      2%          5
k - Apportation           Tloc           78%        N/A       1%          1

Your spell library contained the following spells:

 Spells                   Type           Power      Damage    Failure   Level
 Foxfire                  Conj/Fire      100%       2x1d9     1%          1
 Magic Dart               Conj           100%       1d8       1%          1
 Shock                    Conj/Air       100%       1d9       1%          1
 Slow                     Hex            100%       N/A       1%          1
 Poisonous Vapours        Pois/Air       100%       N/A       1%          2
 Confusing Touch          Hex            39%        N/A       1%          3
 Sandblast                Erth           32%        2d9       3%          1
 Sting                    Tmut/Pois      64%        1d6       3%          1
 Stone Arrow              Conj/Erth      60%        3d10      3%          3
 Call Imp                 Summ           16%        N/A       4%          2
 Passwall                 Tmut/Erth      13%        N/A       4%          2
 Sublimation of Blood     Necr           16%        N/A       4%          2
 Wereblood                Tmut           16%        N/A       4%          2
 Vampiric Draining        Necr           16%        2d7       10%         3
 Olgreb's Toxic Radiance  Pois           16%        N/A       32%         4
 Petrify                  Tmut/Erth      16%        N/A       32%         4
 Summon Ice Beast         Ice/Summ       16%        N/A       32%         4
 Irradiate                Conj/Tmut      15%        3d16      32%         5
 Metabolic Englaciation   Hex/Ice        14%        N/A       36%         5
 Summon Mana Viper        Hex/Summ       28%        N/A       36%         5
 Alistair's Intoxication  Tmut/Pois      10%        N/A       65%         5
 Statue Form              Tmut/Erth      10%        N/A       99%         6
 Maxwell's Capacitive Co  Air            37%        ∞         71%         8
 Monstrous Menagerie      Summ           8%         N/A       100%        7
 Summon Hydra             Summ           8%         N/A       100%        7
 Lehudib's Crystal Spear  Conj/Erth      15%        10d5      100%        8
 Animate Armour           Summ/Erth      Unusable   N/A       N/A         4

Dungeon Overview and Level Annotations

Branches:
Dungeon (13/15)            Temple (1/1) D:6            Lair (5/5) D:9
  Swamp (0/4) Lair:2        Snake (0/4) Lair:3        Slime (0/5) Lair:4
    Orc (1/2) D:12         Vaults (0/5) D:13        Gauntlet (visited)

Altars:
Ashenzari
Cheibriados
Dithmenos
Elyvilon
Fedhas
Gozag
Hepliaklqana
Kikubaaqudgha
Makhleb
Nemelex Xobeh
Okawaru
Qazlal
Ru
Sif Muna
Trog
Uskayaw
Vehumet
Wu Jian
Xom
Yredelemnul
Zin
The Shining One
Lugonu

Shops:
D:1 !:[   D:5 =   Lair:3 *

Portals:
Abyss: Lair:5

Annotations:
D:13 exclusion: downstairs, Josephine


Innate Abilities, Weirdness & Mutations

You cannot wear most types of armour.
You are amphibious.
You can wear up to eight rings at the same time.
Your skin changes colour to match your surroundings (Stealth+).
Your rubbery body absorbs attacks. (AC +1, EV +1)
((You are camouflaged when in or above water. (Stealth+)))
You have tentacles for arms and can constrict up to eight enemies at once.


Message History

The boulder beetle is severely wounded.
The boulder beetle bites you!
Casting: Mephitic Cloud (safe; 1% risk of failure)
Confirm with . or Enter, or press ? or * to list all spells.
Aiming: Mephitic Cloud (safe; 1% risk of failure)
Press: ? - help, Shift-Dir - straight line, f/p - boulder beetle
Aim: a boulder beetle (severely wounded, lightly drained, chance to affect: 67%)
The ball explodes into a vile cloud!
The stinking cloud engulfs the boulder beetle but does no damage.
The boulder beetle is severely wounded.
The stinking cloud engulfs you but does no damage.
You hear a shout! x4
A centaur warrior comes into view.
The boulder beetle is engulfed in noxious fumes.
The boulder beetle leaps!
Aiming: Airstrike (safe; 1% risk of failure)
Press: ? - help, Q - select action, (/) - cycle Dir - move target, f - centaur warrior, p - boulder beetle
Aim: a centaur warrior (empty space bonus: 7/8)
The air twists around and strikes the centaur warrior!
The centaur warrior is moderately wounded.
The centaur warrior wields a +0 shortbow.
The centaur warrior shoots an arrow.
The arrow hits you.
The boulder beetle leaps!
The centaur warrior shoots an arrow.
The arrow barely misses you.
Aiming: Airstrike (safe; 1% risk of failure)
Press: ? - help, Q - select action, (/) - cycle Dir - move target, f/p - centaur warrior
Aim: a centaur warrior, wielding a +0 shortbow (lightly wounded, empty space bonus: 7/8)
The air twists around and strikes the centaur warrior!!
The centaur warrior is severely wounded.
The centaur warrior shoots an arrow.
The arrow hits you!!
Aiming: Airstrike (safe; 1% risk of failure)
Press: ? - help, Q - select action, (/) - cycle Dir - move target, f/p - centaur warrior
Aim: a centaur warrior, wielding a +0 shortbow (severely wounded, empty space bonus: 7/8)
The air twists around and strikes the centaur warrior!
The centaur warrior is almost dead.
The centaur warrior shoots an arrow.
The arrow hits you!!
* * * LOW HITPOINT WARNING * * *
The centaur warrior shoots an arrow.
The arrow hits you!!
You die...
Your body crumbles into a pile of gold.

..... .... ... #..
#####..###########.
..................
.....§.☼......c.#
#....°○@!...>..#
#....○○.......##
####$.........##
###.......p.##
###$.....B.##.#R.g#
###......)#.C.p.c
..###.....+..p∩p.
#.........# ..p.B
##.###...## #R.y#


You could see a boulder beetle (drained), a vault guard and a centaur warrior.

Vanquished Creatures
  Frances (D:13)
  A fire giant (D:10)
  An azure jelly (Lair:5)
  Nessos (D:12)
  A minotaur (Gauntlet)
  The ghost of pigah the Transmogrifier, a journeyman OpWn of Gozag (Lair:2)
  9 hydras
  A centaur warrior (D:12)
  A boulder beetle (D:12)
  2 two-headed ogres
  A fire crab (Lair:3)
  A skeletal warrior (D:10)
  A necromancer (Lair:3)
  A lindwurm (Lair:3)
  3 deep elf pyromancers (D:10)
  2 ugly things
  A moth of wrath (Gauntlet)
  2 manticores
  5 elephants (Lair:5)
  Maurice (D:13)
  3 black mambas
  7 cane toads
  4 smoke demons (Lair:5)
  A gargoyle (D:11)
  A rime drake (Lair:4)
  A hellion (Gauntlet)
  5 komodo dragons
  2 ancient zymes (Lair:5)
  A queen bee (Lair:2)
  A hornet (D:10)
  6 trolls
  A polar bear (Lair:4)
  Prince Ribbit (D:5)
  27 blink frogs
  4 slime creatures
  A large abomination (Lair:5)
  4 wraiths
  36 yaks
  A spriggan (D:11)
  A vampire (D:10)
  12 wyverns
  12 vampire mosquitoes
  A basilisk (shapeshifter) (Lair:5)
  11 basilisks
  A ynoxinul (Lair:5)
  A chaos spawn (Lair:5)
  2 steam dragons
  2 swamp worms (Lair:2)
  3 nagas (Lair:3)
  8 water moccasins
  7 orc warriors
  2 hell hounds (Gauntlet)
  An ice beast (D:6)
  3 ogres
  12 wolves
  2 elephant zombies (Lair:3)
  15 centaurs
  4 kobold brigands
  8 bullfrogs
  A komodo dragon zombie (Lair:3)
  3 scorpions
  13 wights (D:9)
  11 small abominations (Lair:5)
  29 killer bees
  4 electric eels
  4 howler monkeys
  A basilisk zombie (Lair:3)
  4 hounds
  5 jellies
  14 orc priests
  3 gnoll boudas
  5 iguanas
  Terence (D:3)
  10 orc wizards
  Natasha (thrice) (D:4)
  4 hell rats (Lair:5)
  13 gnolls
  5 adders
  A white imp (D:6)
  An ufetubus (D:7)
  5 worms
  4 dart slugs
  51 orcs
  A bat (D:3)
  5 endoplasms
  A giant cockroach (D:2)
  8 hobgoblins
  7 jackals
  3 quokkas
  9 ball pythons
  5 frilled lizards
  4 goblins
  28 kobolds
  4 rats
522 creatures vanquished.

Vanquished Creatures (collateral kills)
  2 hydras
  3 thrashing horrors (Lair:5)
  A cane toad (Lair:5)
  A rime drake (Lair:1)
  2 large abominations (Lair:5)
  A basilisk (Lair:1)
  A swamp worm (Lair:2)
  A bullfrog (Lair:2)
  12 foxfires
24 creatures vanquished.

Vanquished Creatures (others)
  14 demonic plants (Gauntlet)
  1260 foxfires
  16 fungi
  25 plants
1315 creatures vanquished.

Grand Total: 1861 creatures vanquished

Notes
Turn   | Place    | Note
-------+----------+-------------------------------------------
     0 | D:1      | browni3141 the Octopode Fire Elementalist began the quest
                  | for the Orb.
     0 | D:1      | Reached XP level 1. HP: 11/11 MP: 3/3
    74 | D:1      | Found Teotel's Book Shop.
   114 | D:1      | Reached skill level 1 in Fighting
   236 | D:1      | Reached XP level 2. HP: 18/18 MP: 0/5
   245 | D:1      | Found Legoefo's Distillery.
   350 | D:1      | Learned a level 2 spell: Scorch
   571 | D:1      | Found a faded altar of an unknown god.
  1413 | D:1      | Found Geaty's Armour Shop.
  1457 | D:1      | Bought a potion of heal wounds for 60 gold pieces
  1485 | D:2      | Reached XP level 3. HP: 24/24 MP: 2/6
  1814 | D:2      | Reached XP level 4. HP: 28/29 MP: 0/7
  2596 | D:3      | Noticed Terence
  2626 | D:3      | Killed Terence
  2721 | D:3      | Reached skill level 5 in Stealth
  2721 | D:3      | Reached XP level 5. HP: 19/34 MP: 1/8
  2839 | D:3      | Found a hazy altar of Hepliaklqana.
  2928 | D:3      | Found a hide-covered altar of Uskayaw.
  3091 | D:3      | Reached skill level 5 in Fire Magic
  3211 | D:3      | Reached XP level 6. HP: 35/39 MP: 9/9
  3774 | D:4      | Learned a level 3 spell: Kindle Blastsparks
  3862 | D:4      | Noticed Natasha
  3868 | D:4      | Killed Natasha
  4154 | D:4      | Reached skill level 1 in Translocations
  4154 | D:4      | Reached skill level 1 in Air Magic
  4303 | D:4      | Noticed Natasha
  4311 | D:4      | Killed Natasha
  4795 | D:4      | Noticed Natasha
  4799 | D:4      | Killed Natasha
  4845 | D:5      | Entered Level 5 of the Dungeon
  4851 | D:5      | Reached XP level 7. HP: 45/45 MP: 4/10
  4862 | D:5      | Reached skill level 1 in Evocations
  4864 | D:5      | Reached skill level 2 in Air Magic
  4870 | D:5      | Noticed Prince Ribbit
  5022 | D:5      | Killed Prince Ribbit
  5082 | D:5      | Reached XP level 8. HP: 37/51 MP: 3/11
  5405 | D:5      | Found a shimmering altar of Xom.
  5431 | D:5      | Found Afihal's Jewellery Shop.
  5771 | D:5      | Found a sparkling altar of Nemelex Xobeh.
  6230 | D:6      | Found an iron altar of Okawaru.
  6434 | D:6      | Found a staircase to the Ecumenical Temple.
  6474 | Temple   | Entered the Ecumenical Temple
  6488 | Temple   | Became a worshipper of Gozag Ym Sagoz the Greedy
  6637 | D:6      | Reached XP level 9. HP: 21/58 MP: 8/15
  6892 | D:6      | Learned a level 3 spell: Inner Flame
  6897 | D:6      | Learned a level 4 spell: Flame Wave
  7026 | D:6      | Found a glowing silver altar of Zin.
  7994 | D:7      | Reached skill level 1 in Hexes
  8684 | D:7      | You fall into a shaft and drop 3 floors!
  8684 | D:10     | Entered Level 10 of the Dungeon
  8688 | D:10     | Found a sacrificial altar of Ru.
  8688 | D:10     | Found an ornate altar of the Wu Jian Council.
  8935 | D:10     | Noticed a deep elf pyromancer
  8971 | D:9      | Found a stormy altar of Qazlal.
  9089 | D:9      | Noticed a troll
  9320 | D:8      | Found a broken altar of Ashenzari.
  9752 | D:7      | Reached XP level 10. HP: 63/63 MP: 11/16
 10275 | D:8      | Found an ancient bone altar of Kikubaaqudgha.
 11100 | D:9      | Reached skill level 10 in Fire Magic
 11107 | D:9      | Reached skill level 5 in Evocations
 11117 | D:9      | Reached skill level 5 in Fighting
 11354 | D:5      | Bought an amulet of regeneration for 390 gold pieces
 12064 | D:9      | Found a staircase to the Lair.
 12184 | D:9      | Found a white marble altar of Elyvilon.
 12469 | D:5      | Bought a ring of poison resistance for 260 gold pieces
 12600 | Lair:1   | Entered Level 1 of the Lair of Beasts
 12702 | Lair:1   | Found a gate leading to a gauntlet.
 12756 | Lair:1   | Reached XP level 11. HP: 75/75 MP: 0/17
 12783 | Gauntlet | Entered a Gauntlet
 12783 | Gauntlet | Found a transporter.
 12783 | Gauntlet | Found a transporter.
 12787 | Gauntlet | Noticed a soul eater
 12806 | Gauntlet | Noticed a moth of wrath
 12874 | Gauntlet | Found a transporter.
 12874 | Gauntlet | Found a transporter.
 12877 | Gauntlet | Noticed a blizzard demon
 12883 | Gauntlet | Found a transporter.
 12888 | Gauntlet | Noticed a wizard
 12904 | Gauntlet | Found a transporter.
 12908 | Gauntlet | Found a large runed translucent door.
 12909 | Gauntlet | Found a large runed translucent door.
 12909 | Gauntlet | Noticed a thrashing horror
 12910 | Gauntlet | Noticed a thrashing horror
 12911 | Gauntlet | Found a runed translucent gate.
 12912 | Gauntlet | Found a transporter.
 12913 | Gauntlet | Found a transporter.
 12913 | Gauntlet | Noticed a quicksilver ooze
 12915 | Gauntlet | Found a transporter.
 12919 | Gauntlet | Found a runed translucent gate.
 12919 | Gauntlet | Found a runed translucent gate.
 12921 | Gauntlet | Found a large runed translucent door.
 12922 | Gauntlet | Found a large runed translucent door.
 12934 | Gauntlet | Found a large runed translucent door.
 12934 | Gauntlet | Found a large runed translucent door.
 12935 | Gauntlet | Found a large runed translucent door.
 12935 | Gauntlet | Found a large runed translucent door.
 12942 | Gauntlet | Found a transporter.
 12945 | Gauntlet | Found a large runed translucent door.
 12945 | Gauntlet | Found a large runed translucent door.
 12945 | Gauntlet | Found a runed translucent door.
 12945 | Gauntlet | Found a runed translucent door.
 12946 | Gauntlet | Found a large runed translucent door.
 12947 | Gauntlet | Found a large runed translucent door.
 12949 | Gauntlet | Found a transporter.
 12967 | Gauntlet | Found a transporter.
 13012 | Gauntlet | Found a transporter.
 13034 | Gauntlet | Found a transporter.
 13036 | Gauntlet | Noticed a cacodemon
 13044 | Gauntlet | Found a large runed translucent door.
 13044 | Gauntlet | Found a large runed translucent door.
 13045 | Gauntlet | Found a large runed translucent door.
 13046 | Gauntlet | Found a large runed translucent door.
 13131 | Gauntlet | Found a transporter.
 13133 | Gauntlet | Noticed a wizard
 13152 | Gauntlet | Found a transporter.
 13416 | Gauntlet | Learned a level 3 spell: Swiftness
 13420 | Gauntlet | Identified the +2 robe of the Volcano {Regen+}
 13432 | Gauntlet | Killed a moth of wrath
 13570 | Gauntlet | Reached skill level 3 in Air Magic
 13585 | Gauntlet | Identified the ring of the Moon {Fire Dex+3 SInv}
 13900 | Gauntlet | Identified the +1 glaive of Dithmenos, Feeding {heavy, rN+
                  | MP+9 Int+5}
 13900 | Gauntlet | Noticed a minotaur
 13913 | Gauntlet | Killed a minotaur
 13914 | Gauntlet | Reached skill level 1 in Short Blades
 14588 | Lair:1   | Reached skill level 4 in Air Magic
 15193 | Lair:2   | Reached skill level 10 in Evocations
 15554 | Lair:2   | Found a large runed translucent door.
 15554 | Lair:2   | Found a large runed translucent door.
 15561 | Lair:2   | Noticed pigah's ghost (journeyman OpWn)
 15596 | Lair:2   | Noticed a seven-headed hydra
 15597 | Lair:2   | Reached XP level 12. HP: 72/82 MP: 6/18
 15610 | Lair:2   | Killed a seven-headed hydra
 15929 | Lair:2   | Reached skill level 10 in Stealth
 16192 | Lair:2   | Noticed a seven-headed hydra
 16244 | Lair:2   | Noticed a seven-headed hydra
 16251 | Lair:2   | Killed a seven-headed hydra
 16331 | Lair:2   | Found a staircase to the Swamp.
 16502 | Lair:2   | Killed a seven-headed hydra
 16735 | Lair:2   | Killed pigah's ghost
 16851 | Lair:2   | Identified a scroll of acquirement
 16853 | Lair:2   | Acquired Maxwell's Memoranda
 16859 | Lair:2   | Learned a level 3 spell: Vhi's Electric Charge
 16860 | Lair:3   | Noticed a five-headed hydra
 16940 | Lair:3   | Noticed a five-headed hydra
 16946 | Lair:3   | Reached skill level 5 in Spellcasting
 17153 | Lair:3   | Noticed a seven-headed hydra
 17160 | Lair:3   | Killed a seven-headed hydra
 17289 | Lair:3   | Killed a five-headed hydra
 17478 | Lair:3   | Killed a five-headed hydra
 17479 | Lair:3   | Reached skill level 5 in Dodging
 18008 | Lair:3   | Bought a scroll of identify for 28 gold pieces
 18008 | Lair:3   | Bought a scroll of teleportation for 42 gold pieces
 18008 | Lair:3   | Bought a potion of lignification for 42 gold pieces
 18008 | Lair:3   | Bought a potion of lignification for 42 gold pieces
 18008 | Lair:3   | Bought a box of beasts for 560 gold pieces
 18049 | Lair:3   | Reached XP level 13. HP: 88/88 MP: 16/22
 18411 | Lair:3   | Found a staircase to the Snake Pit.
 18591 | Lair:4   | Reached skill level 5 in Air Magic
 18778 | Lair:4   | Found a staircase to the Slime Pits.
 19247 | Lair:4   | Reached skill level 6 in Air Magic
 19558 | Lair:4   | Learned a level 4 spell: Airstrike
 19559 | Lair:5   | Entered Level 5 of the Lair of Beasts
 19575 | Lair:5   | Reached skill level 7 in Air Magic
 19596 | Lair:5   | Reached skill level 8 in Air Magic
 20140 | Lair:5   | Reached skill level 9 in Air Magic
 20774 | Lair:5   | Reached skill level 10 in Air Magic
 21057 | D:1      | Bought a manual of Spellcasting for 880 gold pieces
 21927 | Lair:5   | Noticed an azure jelly
 21971 | Lair:4   | Reached skill level 5 in Conjurations
 22368 | Lair:5   | Reached XP level 14. HP: 97/97 MP: 12/25
 22890 | Lair:5   | Found a one-way gate to the infinite horrors of the Abyss.
 22891 | Lair:5   | Found a corrupted altar of Lugonu.
 22919 | Lair:5   | Reached skill level 10 in Spellcasting
 23357 | Lair:5   | HP: 4/97 [azure jelly (3)]
 23363 | Lair:5   | Killed an azure jelly
 23840 | D:5      | Bought a +6 ring of intelligence for 468 gold pieces
 23847 | D:5      | Learned a level 3 spell: Mephitic Cloud
 23853 | D:5      | Learned a level 5 spell: Arcjolt
 24565 | D:10     | Noticed a fire giant
 25378 | D:10     | Killed a fire giant
 25554 | D:10     | Learned a level 1 spell: Apportation
 26155 | D:11     | Reached skill level 11 in Air Magic
 27330 | D:12     | Noticed Nessos
 27335 | D:12     | Reached skill level 12 in Air Magic
 27335 | D:12     | Killed Nessos
 27647 | D:12     | Found a staircase to the Orcish Mines.
 28050 | Orc:1    | Entered Level 1 of the Orcish Mines
 28154 | Orc:1    | Noticed an orc warlord
 28297 | D:13     | Noticed Maurice
 28383 | D:13     | Killed Maurice
 28458 | D:13     | Found a gate to the Vaults.
 28466 | D:13     | Noticed Josephine
 28492 | D:13     | Noticed Frances
 28502 | D:13     | Killed Frances
 28503 | D:13     | Reached skill level 13 in Air Magic
 28533 | D:13     | Shot with an arrow by a centaur warrior

Illustrated notes

Levels and vault maps discovered:
D:1:      lemuel_arrival_tunnels, layout_basic, serial_shops,
          nicolae_lakefront_shop, shop, shop, basic_ecumenical_altar,
          chequers_jeans
D:2:      layout_rooms
D:3:      layout_loops_ring, lemuel_doored_altar,
          mainiacjoe_overflow_tiny_flanked, serial_bayou_pond_d, uniq_terence
D:4:      layout_loops_ring, uniq_natasha
D:5:      layout_cave_pools, dk_xom_monty_hall, nemelex_spade_bored_becter,
          serial_shops, nicolae_shop_advertising_works
          [nicolae_subvault_shop_adworks], uniq_prince_ribbit1
D:6:      layout_layer_cave, mainiacjoe_overflow_cross_hatched, kennysheep_mini,
          minmay_temple_entry_wispy, nicolae_elevator_lobby_plus
D:7:      layout_loops_cross, grunt_decor_clamped, kennysheep_nondescript,
          dk_noncrumbling_2
D:8:      layout_basic, mainiacjoe_overflow_paths,
          nicolae_kikubaaqudgha_miasma_corner
D:9:      layout_cave_pools, mainiacjoe_overflow_boulevard,
          mainiacjoe_overflow_six_doors_small, david_lair_generic
D:10:     minmay_the_grid_plus_closed [minmay_the_grid_embedded,
          minmay_the_grid_x, minmay_the_grid_expand, minmay_the_grid_eight,
          minmay_the_grid_prize_inner_circle], layout_cross,
          jmf_multi_god_temple, grunt_ministairs_15
D:11:     layout_roguey, the_hattery
D:12:     layout_long_grid, david_orc_3, uniq_nessos
D:13:     minmay_skewed_foursquare, layout_long_grid,
          lightli_vaults_fourway_checkpoint, uniq_maurice, uniq_frances,
          uniq_josephine
Temple:   hellmonk_temple_rainy
Lair:1:   layout_cave_pods, gauntlet_entry_generic, serial_bayou_shore_a
Lair:2:   layout_small_grid, palyth_hydra_swamp_entry,
          ebering_ghost_disaster_area, special_room [special_room_bee]
Lair:3:   pond_and_an_island_with_a_cottage, layout_chaotic_city,
          nicolae_snake_entry_squirm
Lair:4:   layout_gridlike, slime_entry_1
Lair:5:   hellmonk_lair_end_abyssal_woods, layout_layer_cave,
          nicolae_lair_time_for_slime
Orc:1:    nicolae_orc_accident_3, layout_diamond_mine, serial_shops,
          nicolae_shop_stone, bh_open_orc_temple, uniq_sonja

Skill      XL: |  1  2  3  4  5  6  7  8  9 10 11 12 13 14 |
---------------+-------------------------------------------+-----
Fighting       | 1 2 4 7 8 9 |  9.0
Stealth        | 3 4 5 8 12 | 12.0
Fire Magic     | 4 5 6 7 9 10 | 10.0
Translocations | 1 2 4 |  4.0
Air Magic      | 1 2 4 10 13 | 13.0
Evocations     | 4 7 10 | 10.0
Throwing       | 2 |  2.5
Spellcasting   | 4 6 7 12 | 12.0
Hexes          | 4 |  4.0
Dodging        | 3 6 |  6.0
Conjurations   | 4 5 |  5.0
Short Blades   | 3 |  3.0

Action                     |  1- 3 |  4- 6 |  7- 9 | 10-12 | 13-15 || total
---------------------------+-------+-------+-------+-------+-------++-------
  Melee: Unarmed           |    12 |       |       |       |       ||    12
         Constrict         |     4 |    15 |    13 |    27 |    22 ||    81
         Short sword       |    11 |    44 |    58 |   145 |   230 ||   488
         Tentacles         |     2 |    14 |    20 |    39 |    74 ||   149
         Punch             |       |       |     3 |     4 |     4 ||    11
  Throw: Dart              |       |       |       |       |     3 ||     3
   Cast: Foxfire           |    62 |   103 |    99 |   298 |   159 ||   721
         Scorch            |       |    14 |    30 |    47 |    51 ||   142
         Flame Wave        |       |       |     1 |     2 |    13 ||    16
         Inner Flame       |       |       |       |    13 |    25 ||    38
         Vhi's Electric Ch |       |       |       |     2 |     9 ||    11
         Airstrike         |       |       |       |       |   189 ||   189
         Swiftness         |       |       |       |       |     2 ||     2
         Mephitic Cloud    |       |       |       |       |     5 ||     5
         Arcjolt           |       |       |       |       |     1 ||     1
 Invoke: Call Merchant     |       |       |       |     1 |       ||     1
  Evoke: Wand              |       |       |    32 |    49 |    11 ||    92
         Phantom mirror    |       |       |       |     1 |     2 ||     3
         Box of beasts     |       |       |       |       |     1 ||     1
    Use: Potion            |       |     3 |       |       |     1 ||     4
         Scroll            |       |       |     1 |    19 |     8 ||    28
   Stab: Sleeping          |     3 |     3 |     1 |     1 |     2 ||    10
         Paralysed         |       |       |     5 |    26 |     3 ||    34
         Distracted        |       |       |       |     2 |     2 ||     4
         Confused          |       |       |       |       |     6 ||     6
 Armour: Skin              |     2 |       |     4 |    35 |    71 ||   112
  Dodge: Dodged            |    21 |    27 |    50 |   113 |   195 ||   406

Table legend: (Time is in decaauts)
 A = Elapsed time spent in this place.
 B = Non-inter-level travel time spent in this place.
 C = Inter-level travel time spent in this place.
 D = Time resting spent in this place.
 E = Time spent auto-exploring this place.
 F = Levels seen in this place.
 G = Mean time per level.
                   A        B        C        D        E       F      G
               +--------+--------+--------+--------+--------+-----+--------+
         Total |  28528 |  26410 |   2118 |   3721 |  17964 |  21 | 1358.5 |
       Dungeon |  17668 |  16082 |   1586 |   1935 |  11703 |  13 | 1359.1 |
        Temple |     28 |     15 |     13 |      0 |      0 |   1 |   28.0 |
          Lair |   9560 |   9041 |    519 |   1515 |   5822 |   5 | 1912.0 |
  Orcish Mines |    107 |    107 |      0 |      0 |     76 |   1 |  107.0 |
      Gauntlet |   1163 |   1163 |      0 |    271 |    363 |   1 | 1163.0 |
               +--------+--------+--------+--------+--------+-----+--------+

Top non-repeatable levels by time:
  Lair:5: 3334 daAuts
  Lair:2: 2292 daAuts
    D:10: 1994 daAuts
     D:7: 1913 daAuts
     D:6: 1810 daAuts
     D:8: 1620 daAuts
     D:1: 1611 daAuts
     D:9: 1505 daAuts
     D:4: 1418 daAuts
  Lair:3: 1414 daAuts
  Lair:4: 1310 daAuts
    D:11: 1246 daAuts
  Lair:1: 1208 daAuts
Gauntlet: 1163 daAuts
     D:3: 1157 daAuts
